 Dungeon Crawl Stone Soup version 0.32-a0-931-g5a2cda0630 (webtiles) character file.

Game seed: 5943595782842595386

272876 Patrick2011b the Marksspriggan (level 18, -15/91 HPs)
             Began as a Spriggan Hexslinger on Apr 11, 2024.
             Was a High Priest of Hepliaklqana.
             Killed from afar by an ironbound thunderhulk (43 damage)
             ... with a bolt of lightning
             ... on level 2 of the Vaults on Apr 14, 2024.
             The game lasted 04:27:51 (28947 turns).

Patrick2011b the Marksspriggan (SpHs)              Turns: 28947, Time: 04:27:51

Health: -15/91     AC: 12    Str:  4    XL:     18   Next: 98%
Magic:  32/32      EV: 35    Int: 20    God:    Hepliaklqana [*****.]
Gold:   989        SH:  0    Dex: 27    Spells: 2/35 levels left

rFire   + . .        H - +5 orcbow (elec)
rCold   . . .        (shield currently unavailable)
rNeg    . . .        L - +5 robe of the Gate {Rampage rPois Int+3 Dex-2}
rPois   +            w - +2 hat
rElec   .            f - +2 cloak {Will+}
rCorr   .            (gloves unavailable)
SInv    +            (boots unavailable)
Will    ++++.        F - amulet of regeneration
Stlth   +++          D - ring of Uqeep {rF+ Slay+3 Stlth+}
HPRegen 1.15/turn    G - +6 ring of dexterity
MPRegen 0.23/turn

%: rampage
@: studying Spellcasting, very quick
A: reduced essence, very small, no large weapons, unfitting armour, see
invisible, speed 3
}: 2/15 runes: serpentine, barnacled
a: Renounce Religion, Recall Ancestor, Ancestor Identity, Transference, Idealise


You were on level 2 of the Vaults.
You worshipped Hepliaklqana.
Hepliaklqana was extremely pleased with you.
You visited 7 branches of the dungeon, and saw 33 of its levels.

You collected 3210 gold pieces.
You spent 2221 gold pieces at shops.

Inventory:

Hand Weapons
 H - a +5 orcbow of electrocution (weapon)
 X - the +11 arbalest "Fiolakh" {antimagic, rF++ Dex+4}
   (You bought it in a shop on level 2 of the Shoals)

   Dex+4:     It affects your dexterity (+4).
   rF++:      It greatly protects you from fire.
Missiles
 l - 5 datura-tipped darts
 I - 6 curare-tipped darts
 P - 2 throwing nets
Armour
 f - a +2 cloak of willpower (worn)
 w - a +2 hat (worn)
 x - +2 acid dragon scales
 L - the +5 robe of the Gate (worn) {Rampage rPois Int+3 Dex-2}
   (You found it on level 3 of the Snake Pit)

   Int+3:     It affects your intelligence (+3).
   Dex-2:     It affects your dexterity (-2).
   rPois:     It protects you from poison.
   Rampage:   It bestows one free step when moving towards enemies.
Jewellery
 e - a ring of ice
 t - a ring of positive energy
 D - the ring of Uqeep (left hand) {rF+ Slay+3 Stlth+}
   (You found it on level 4 of the Shoals)

   [ring of protection from fire]

   Slay+3:    It affects your accuracy & damage with ranged weapons and melee
   (+3).
   rF+:       It protects you from fire.
   Stlth+:    It makes you more stealthy.
 F - an amulet of regeneration (around neck)
 G - a +6 ring of dexterity (right hand)
 J - a ring of flight
 U - the ring of the Scarab {Fire Int+2 Dex+4}
   (You acquired it on level 3 of the Snake Pit)

   [ring of fire]

   Fire:      It enhances your fire magic.
   Int+2:     It affects your intelligence (+2).
   Dex+4:     It affects your dexterity (+4).
   rF+:       It protects you from fire.
   rC-:       It makes you vulnerable to cold.
Wands
 b - a wand of mindburst (8)
 c - a wand of acid (9)
 k - a wand of flame (3)
 q - a wand of digging (8)
 E - a wand of paralysis (10)
 M - a wand of warping (16)
Scrolls
 a - 4 scrolls of amnesia
 h - 2 scrolls of vulnerability
 i - 2 scrolls of fear
 j - 6 scrolls of teleportation
 p - 6 scrolls of fog
 v - 3 scrolls of enchant armour
 y - 3 scrolls of revelation
 A - a scroll of immolation
 C - 4 scrolls of poison
 O - 2 scrolls of butterflies
 R - a scroll of silence
 T - 3 scrolls of blinking
Potions
 d - 7 potions of haste
 g - 6 potions of brilliance
 m - 7 potions of curing
 n - 3 potions of berserk rage
 o - 3 potions of might
 u - 5 potions of resistance
 z - a potion of cancellation
 B - 4 potions of invisibility
 K - 4 potions of ambrosia
 N - 6 potions of heal wounds
 S - a potion of mutation
 V - a potion of enlightenment
Miscellaneous
 Q - a tin of tremorstones (2/2)
 W - a lightning rod (4/4)


   Skills:
 + Level 14.3 Fighting
 + Level 16.8 Ranged Weapons
 + Level 15.9 Dodging
 - Level 9.0 Spellcasting
 - Level 3.0 Conjurations
 - Level 11.4 Hexes
 - Level 5.0 Necromancy
 - Level 14.0 Translocations
 - Level 3.1 Fire Magic
 - Level 12.0 Invocations
 - Level 11.0 Evocations


You had 2 spell levels left.
You knew the following spells:

 Your Spells              Type           Power      Damage    Failure   Level
a - Jinxbite              Hex            100%       N/A       1%          2
b - Inner Flame           Hex/Fire       38%        N/A       1%          3
c - Dimensional Bullseye  Hex/Tloc       28%        N/A       1%          4
d - Cause Fear            Hex            26%        N/A       1%          4
e - Iskenderun's Mystic   Conj/Tloc      43%        2d10      (+2d52%     4
f - Tukima's Dance        Hex            53%        N/A       1%          3
g - Passage of Golubria   Tloc           60%        N/A       1%          4
h - Dispersal             Tloc           30%        N/A       3%          6
i - Fugue of the Fallen   Necr           29%        N/A       3%          3

Your spell library contained the following spells:

 Spells                   Type           Power      Damage    Failure   Level
 Apportation              Tloc           100%       N/A       1%          1
 Blink                    Tloc           100%       N/A       1%          2
 Ensorcelled Hibernation  Hex/Ice        62%        N/A       1%          2
 Sublimation of Blood     Necr           29%        N/A       1%          2
 Magic Dart               Conj           84%        1d7       2%          1
 Cigotuvi's Dreadful Rot  Necr/Alch/Air  30%        N/A       6%          2
 Call Imp                 Summ           18%        N/A       12%         2
 Dazzling Flash           Conj/Hex       76%        N/A       1%          3
 Sigil of Binding         Hex            53%        N/A       1%          3
 Teleport Other           Tloc           60%        N/A       1%          3
 Volatile Blastmotes      Fire/Tloc      86%        2d17      1%          3
 Gell's Gavotte           Tloc           30%        2d(25-37) 3%          6
 Stone Arrow              Conj/Erth      30%        3d8       12%         3
 Summon Forest            Summ/Tloc      18%        N/A       12%         5
 Metabolic Englaciation   Hex/Ice        15%        N/A       21%         5
 Summon Mana Viper        Hex/Summ       31%        N/A       21%         5
 Yara's Violent Unravell  Hex/Alch       15%        3d8       21%         5
 Manifold Assault         Tloc           30%        N/A       21%         7
 Frozen Ramparts          Ice            18%        1d3       22%         3
 Ozocubu's Armour         Ice            9%         N/A       22%         3
 Passwall                 Erth           9%         N/A       22%         3
 Summon Ice Beast         Ice/Summ       9%         N/A       22%         3
 Swiftness                Air            9%         N/A       22%         3
 Ignite Poison            Fire/Alch      15%        N/A       36%         4
 Fulminant Prism          Conj/Alch      7%         3d7       38%         4
 Animate Armour           Summ/Erth      18%        N/A       58%         4
 Petrify                  Alch/Erth      9%         N/A       58%         4
 Summon Lightning Spire   Summ/Air       9%         N/A       58%         4
 Irradiate                Conj/Alch      7%         3d14      75%         5
 Freezing Cloud           Conj/Ice/Air   6%         6-21      80%         5
 Alistair's Intoxication  Alch           6%         N/A       91%         5
 Lee's Rapid Deconstruct  Erth           4%         3d5*      91%         5
 Starburst                Conj/Fire      10%        6d5       97%         6
 Eringya's Noxious Bog    Alch           4%         4d6       100%        6
 Monstrous Menagerie      Summ           4%         N/A       100%        7
 Summon Hydra             Summ           4%         N/A       100%        7
 Lehudib's Crystal Spear  Conj/Erth      7%         10d3      100%        8
 Maxwell's Capacitive Co  Air            4%         ∞         100%        8


Dungeon Overview and Level Annotations

Branches:
Dungeon (15/15)            Temple (1/1) D:4            Lair (5/5) D:8
 Shoals (4/4) Lair:3        Snake (4/4) Lair:2        Slime (0/5) Lair:5
    Orc (2/2) D:9             Elf (0/3) Orc:2        Vaults (2/5) D:14
 Depths (0/4) D:15
  Crypt: Vaults:2-3

Altars:
Ashenzari
Cheibriados
Dithmenos
Elyvilon
Fedhas
Gozag
Hepliaklqana
Kikubaaqudgha
Makhleb
Nemelex Xobeh
Okawaru
Qazlal
Ru
Sif Muna
Trog
Uskayaw
Vehumet
Wu Jian
Xom
Yredelemnul
Zin
The Shining One
Jiyva

Shops:
D:11 [   Orc:2 [((?[   Shoals:2 :[([   Snake:1 :   Snake:3 ?!

Annotations:
D:4 Grinder
D:7 3 runed translucent doors, TheSexyCheese's ghost, novice OpFE
D:9 3 runed translucent doors
D:12 Azrael
Lair:4 2 transporters, Teoch's ghost, journeyman DECj
Lair:5 2 transporters, Rudyous's ghost, journeyman DrAl
Shoals:3 3 runed translucent doors
Vaults:2 Mara


Innate Abilities, Weirdness & Mutations

Your life essence is reduced to manifest your ancestor. (-10% HP)
You are very small and have problems with some larger weapons.
You are too small for most types of armour.
You have supernaturally acute eyesight. (SInv)
You cover ground extremely quickly. (Speed+++)


Message History

Fire: H) +5 orcbow (elec)
Press: ? - help, Q - select action, (/) - cycle Shift-Dir - straight line, f - ironbound thunderhulk
Aim: an ironbound thunderhulk, wielding a +0 dire flail and wearing a +0 animal skin (wandering, hasn't noticed you, 81% to hit)
You shoot an arrow.
The arrow hits the ironbound thunderhulk!
The ironbound thunderhulk is lightly wounded.
Fire: H) +5 orcbow (elec)
Press: ? - help, Q - select action, (/) - cycle Shift-Dir - straight line, f/p - ironbound thunderhulk
Aim: an ironbound thunderhulk, wielding a +0 dire flail and wearing a +0 animal skin (lightly wounded, ally target, 81% to hit)
You shoot an arrow. Petus avoids your attack.
The arrow hits the ironbound thunderhulk!!
Lightning courses through the ironbound thunderhulk!
The ironbound thunderhulk is heavily wounded.
Fire: H) +5 orcbow (elec)
Press: ? - help, Q - select action, (/) - cycle Shift-Dir - straight line, f/p - ironbound thunderhulk
Aim: an ironbound thunderhulk, wielding a +0 dire flail and wearing a +0 animal skin (heavily wounded, ally target, 81% to hit)
You shoot an arrow. Petus avoids your attack.
The arrow hits the ironbound thunderhulk!
The ironbound thunderhulk is severely wounded.
Fire: H) +5 orcbow (elec)
Press: ? - help, Q - select action, (/) - cycle Shift-Dir - straight line, f/p - ironbound thunderhulk
Aim: an ironbound thunderhulk, wielding a +0 dire flail and wearing a +0 animal skin (severely wounded, ally target, 81% to hit)
You shoot an arrow. Petus avoids your attack.
The arrow hits the ironbound thunderhulk!
The ironbound thunderhulk is almost dead.
Electricity crackles from the ironbound thunderhulk's apparatus.
The bolt of lightning hits you!!!
Ouch! That really hurt!
* * * LOW HITPOINT WARNING * * *
Fire: H) +5 orcbow (elec)
Press: ? - help, Q - select action, (/) - cycle Shift-Dir - straight line, f/p - ironbound thunderhulk
Aim: an ironbound thunderhulk, wielding a +0 dire flail and wearing a +0 animal skin (almost dead, ally target, 81% to hit)
You shoot an arrow. Petus avoids your attack.
The arrow hits the ironbound thunderhulk.
Lightning courses through the ironbound thunderhulk!
The ironbound thunderhulk is almost dead.
Electricity crackles from the ironbound thunderhulk's apparatus.
The bolt of lightning hits you!!!
You die...
Hepliaklqana delivers you to your ancestors.

...=#+####.#)'...............
....# #.###...............
....# #...................
#...# #...........O.......
+...# #..................
#####
#######...R#############
#....#............
#....#............
#@...#............
#....#............
#....#............
#....#............
#....#............
#....#............
#'##....#............
.........########'####
......................


You could see the friendly Petus the knight and an ironbound thunderhulk (ally
target).

Vanquished Creatures
  Jorgrun (D:13)
  Rupert (Lair:5)
  Kirke (Shoals:1)
  Donald (Shoals:1)
  A nagaraja (Snake:4)
  An orc warlord (Orc:2)
  3 ironbound preservers
  An ironbound thunderhulk (Vaults:1)
  5 merfolk impalers
  2 ettins
  3 merfolk javelineers
  Josephine (D:11)
  2 yaktaur captains (Vaults:1)
  A catoblepas (Shoals:2)
  A great orb of eyes (Vaults:2)
  A salamander tyrant (Snake:4)
  3 hydras
  4 merfolk avatars
  An alligator snapping turtle (Shoals:4)
  8 anacondas
  2 merfolk aquamancers (Shoals:4)
  4 centaur warriors
  3 boulder beetles
  4 two-headed ogres
  A tengu warrior (D:15)
  3 orc high priests (Orc:2)
  3 naga warriors
  2 shock serpents (Snake:1)
  8 death yaks
  6 naga sharpshooters
  5 skysharks
  3 salamander mystics (Snake:4)
  Amaemon (Lair:2)
  5 deep trolls (Vaults:1)
  11 sea snakes
  An arcanist (D:14)
  6 mana vipers
  3 naga ritualists
  2 necromancers
  4 ironbound convokers
  4 lindwurms (Vaults:2)
  7 orc knights
  An obsidian bat (Orc:1)
  6 orc sorcerers
  10 harpies
  An elf zombie (Vaults:1)
  9 fauns
  2 deep elf pyromancers
  Pikel (D:4)
  9 manticores
  5 cyclopes
  9 salamanders
  4 ugly things
  18 elephants
  10 guardian serpents
  6 water nymphs
  8 kobold blastminers
  18 black mambas
  5 merfolk sirens
  2 vault sentinels
  An orange demon (Lair:2)
  13 naga magi
  A human zombie (Vaults:1)
  2 kobold demonologists (D:12)
  10 cane toads
  A rime drake (Lair:1)
  6 komodo dragons
  An efreet (D:15)
  A freezing wraith (D:14)
  2 tengu conjurers (D:15)
  4 polar bears
  3 trolls
  24 merfolk
  A hornet (D:10)
  7 blink frogs
  4 wind drakes
  8 snapping turtles
  2 slime creatures (D:13)
  2 hogs (Shoals:1)
  4 water elementals
  31 yaks
  5 wyverns
  4 wraiths
  4 basilisks
  5 wargs
  A steam dragon (D:8)
  A fire elemental (Lair:5)
  A golden eye (shapeshifter) (D:13)
  10 vampire mosquitoes
  30 nagas
  A two-headed ogre zombie (D:9)
  9 water moccasins
  2 hell hounds (D:12)
  2 acid dragons
  17 orc warriors
  An ice beast (D:7)
  3 black bears
  A laughing skull (D:14)
  4 ogres
  12 wolves
  A human skeleton (Vaults:1)
  2 centaurs (D:9)
  A tengu (shapeshifter) (D:13)
  A phantom (D:4)
  11 kobold brigands
  9 bullfrogs
  4 gnoll sergeants
  3 troll zombies (D:9)
  3 killer bees (D:8)
  5 electric eels
  2 howler monkeys (D:9)
  3 hounds
  A lava snake (Lair:5)
  7 jellies
  2 sleepcaps
  18 orc priests
  5 iguanas
  Terence (D:2)
  14 orc wizards
  A hell rat (D:8)
  2 ogre zombies (D:9)
  16 gnolls
  8 adders
  2 adder zombies (D:2)
  2 dart slugs
  2 ribbon worms
  50 orcs
  6 ball pythons
  A bat zombie (D:2)
  6 endoplasms
  5 giant cockroaches
  9 goblins
  6 hobgoblins
  A jackal (D:4)
  19 kobolds
  3 quokkas
  A ball python skeleton (D:2)
  4 bats
  A frilled lizard (D:3)
  A giant cockroach zombie (D:2)
  A gnoll skeleton (D:9)
  A gnoll zombie (D:9)
  An orc skeleton (D:9)
  17 orc zombies (D:9)
  2 quokka zombies (D:2)
  5 rats
761 creatures vanquished.

Vanquished Creatures (collateral kills)
  Polyphemus (Shoals:2)
  2 nagarajas (Snake:4)
  A vault warden (Vaults:2)
  A merfolk impaler (Shoals:4)
  A merfolk javelineer (Shoals:4)
  A yaktaur captain (Vaults:1)
  2 hydras
  A great orb of eyes (Vaults:1)
  Erolcha (D:9)
  A catoblepas (Lair:5)
  A merfolk avatar (Shoals:4)
  7 anacondas
  A merfolk aquamancer (Shoals:3)
  An ironbound frostheart (Vaults:1)
  A deep troll shaman (Lair:5)
  3 shock serpents
  2 death yaks
  6 naga warriors
  An occultist (D:15)
  A naga sharpshooter (Snake:4)
  2 sea snakes
  2 mana vipers (Snake:2)
  An arcanist (D:14)
  2 naga ritualists (Snake:2)
  A lindwurm (Vaults:2)
  2 ironbound convokers (Vaults:1)
  4 harpies
  4 ugly things
  2 manticores
  2 salamanders
  A cyclops (D:13)
  2 guardian serpents (Snake:4)
  A vault sentinel (Vaults:1)
  2 merfolk sirens
  Maurice (D:11)
  2 naga magi
  2 elephants
  4 black mambas
  A water nymph (Shoals:3)
  A gargoyle (D:13)
  A torpor snail (Lair:4)
  2 rime drakes
  2 komodo dragons (Lair:1)
  A kobold demonologist (Orc:1)
  2 unseen horrors (D:12)
  A yaktaur (Vaults:2)
  6 merfolk
  4 trolls
  A blink frog (Lair:5)
  2 snapping turtles
  A water elemental (Shoals:3)
  10 yaks
  A wyvern (Lair:3)
  2 wraiths (D:11)
  2 basilisks (Lair:2)
  A hog (Shoals:1)
  A steam dragon (D:9)
  3 vampire mosquitoes
  8 nagas
  An acid dragon (D:10)
  A glowing shapeshifter skeleton (Vaults:1)
  5 orc warriors
  A laughing skull (D:14)
  An ogre (D:4)
  8 wolves
  A centaur (D:6)
  A phantom (D:9)
  An elf simulacrum (Vaults:1)
  4 kobold brigands (Orc:1)
  2 bullfrogs
  An electric eel (Lair:1)
  A howler monkey (D:9)
  5 orc priests
  A hound (D:5)
  A sleepcap (D:7)
  2 iguanas
  4 orc wizards
  An ogre zombie (D:9)
  4 gnolls
  2 white imps (D:7)
  A dart slug (D:4)
  11 orcs
  A goblin (D:4)
  A hobgoblin (D:4)
  11 kobolds
  An orc skeleton (D:9)
  4 orc zombies (D:9)
204 creatures vanquished.

Vanquished Creatures (others)
  A human (Shoals:1)
  24 knights
  An ancestor (D:6)
26 creatures vanquished.

Grand Total: 991 creatures vanquished

Notes
Turn   | Place    | Note
-------+----------+-------------------------------------------
     0 | D:1      | Patrick2011b the Spriggan Hexslinger began the quest for
                  | the Orb.
     0 | D:1      | Reached XP level 1. HP: 9/9 MP: 3/3
   229 | D:1      | Reached XP level 2. HP: 14/14 MP: 5/5
   232 | D:1      | Learned a level 2 spell: Jinxbite
   393 | D:1      | Reached skill level 3 in Ranged Weapons
   662 | D:2      | Found a faded altar of an unknown god.
   893 | D:2      | Reached XP level 3. HP: 14/17 MP: 6/6
  1226 | D:2      | Noticed Terence
  1283 | D:2      | Killed Terence
  1284 | D:2      | Reached skill level 4 in Ranged Weapons
  1284 | D:2      | Reached XP level 4. HP: 21/21 MP: 1/7
  1843 | D:3      | Reached skill level 5 in Ranged Weapons
  1892 | D:3      | Found a sparkling altar of Nemelex Xobeh.
  1992 | D:3      | Reached XP level 5. HP: 25/25 MP: 4/8
  2347 | D:4      | Found a staircase to the Ecumenical Temple.
  2411 | Temple   | Entered the Ecumenical Temple
  2430 | Temple   | Became a worshipper of Hepliaklqana the Forgotten
  2512 | D:4      | Noticed an ogre
  2552 | D:4      | Reached skill level 6 in Ranged Weapons
  2575 | D:4      | Noticed a phantom
  2771 | D:4      | Killed a phantom
  2772 | D:4      | Reached XP level 6. HP: 29/29 MP: 5/9
  2984 | D:4      | Noticed Pikel
  3001 | D:4      | Killed Pikel
  3002 | D:4      | Reached skill level 8 in Ranged Weapons
  3002 | D:4      | Reached XP level 7. HP: 32/32 MP: 7/10
  3078 | D:4      | Noticed Grinder
  3108 | D:4      | Reached * piety under Hepliaklqana
  3152 | D:4      | Reached skill level 1 in Fighting
  3235 | D:5      | Entered Level 5 of the Dungeon
  3571 | D:5      | Reached skill level 9 in Ranged Weapons
  3889 | D:6      | Reached XP level 8. HP: 35/35 MP: 8/11
  3893 | D:6      | Found a shadowy altar of Dithmenos.
  3930 | D:6      | Identified the +3 trident of Impeachment {speed, rF+ Int+8
                  | Dex-4}
  3989 | D:6      | Reached skill level 5 in Hexes
  4296 | D:6      | Reached ** piety under Hepliaklqana
  4301 | D:6      | Remembered your ancestor Petus as a knight
  4671 | D:7      | Found a burning altar of Makhleb.
  4953 | D:7      | Reached XP level 9. HP: 41/41 MP: 10/12
  4987 | D:7      | Reached skill level 5 in Fighting
  5031 | D:7      | Identified the +0 chain mail "Etiruas" {rN+ Str+8 Int-2}
  5166 | D:7      | Found a runed translucent gate.
  5166 | D:7      | Found a runed translucent gate.
  5168 | D:7      | Found a runed translucent gate.
  5170 | D:7      | Noticed TheSexyCheese's ghost (novice OpFE)
  5485 | D:8      | Reached skill level 10 in Ranged Weapons
  5813 | D:8      | Reached *** piety under Hepliaklqana
  5988 | D:8      | Noticed a komodo dragon
  6427 | D:9      | Learned a level 3 spell: Inner Flame
  6432 | D:9      | Learned a level 4 spell: Dimensional Bullseye
  6528 | D:9      | Reached skill level 1 in Translocations
  6707 | D:9      | Noticed Erolcha
  6764 | D:10     | Entered Level 10 of the Dungeon
  6772 | D:10     | Found a sacrificial altar of Ru.
  6989 | D:10     | Noticed a centaur warrior
  7482 | D:11     | Noticed Josephine
  7487 | D:11     | Reached skill level 1 in Invocations
  7487 | D:11     | Reached XP level 10. HP: 12/47 MP: 2/13
  7493 | D:11     | Reached skill level 5 in Translocations
  7514 | D:11     | Killed Josephine
  7641 | D:11     | Learned a level 3 spell: Inner Flame
  7910 | D:11     | Noticed a white ugly thing
  7980 | D:10     | may be forced to do late dungeon before lair
  8058 | D:9      | Killed Erolcha
  8059 | D:9      | Reached skill level 11 in Ranged Weapons
  8139 | D:9      | Learned a level 4 spell: Cause Fear
  8300 | D:9      | Found a staircase to the Orcish Mines.
  8302 | D:9      | Identified the +0 war axe "Grim" {speed, *Rage rPois rN++
                  | rCorr}
  8506 | D:9      | Noticed a two-headed ogre
  8587 | D:9      | Killed a two-headed ogre
  8588 | D:9      | Reached XP level 11. HP: 52/52 MP: 11/16
  8683 | D:9      | Found a runed translucent door.
  8707 | D:9      | Noticed a centaur warrior
  8716 | D:9      | Noticed a deep elf pyromancer
  8994 | D:11     | Reached skill level 5 in Dodging
  9087 | D:11     | Killed a white ugly thing
  9135 | D:11     | Found Ixtoad's Antique Armour Boutique.
  9135 | D:11     | Noticed Maurice
  9144 | D:11     | Killed Maurice
  9160 | D:11     | Bought an embroidered cloak for 165 gold pieces
  9228 | D:12     | Noticed a boulder beetle
  9354 | D:12     | Reached skill level 12 in Ranged Weapons
  9855 | D:12     | Noticed a deep elf pyromancer
  9994 | D:12     | Killed a deep elf pyromancer
 10053 | D:12     | Reached **** piety under Hepliaklqana
 10102 | D:12     | Noticed Azrael
 10565 | D:8      | Found a staircase to the Lair.
 10697 | Lair:1   | Entered Level 1 of the Lair of Beasts
 10858 | Lair:1   | Reached skill level 13 in Ranged Weapons
 11071 | Lair:1   | Noticed a boulder beetle
 11085 | Lair:1   | Killed a boulder beetle
 11086 | Lair:1   | Reached XP level 12. HP: 57/57 MP: 17/17
 11519 | Lair:2   | Noticed a seven-headed hydra
 11528 | Lair:2   | Noticed a seven-headed hydra
 11538 | Lair:2   | Killed a seven-headed hydra
 11661 | Lair:2   | Found a staircase to the Snake Pit.
 11948 | Lair:2   | Reached skill level 10 in Hexes
 11951 | Lair:2   | Reached skill level 5 in Invocations
 12133 | Lair:2   | Noticed Amaemon
 12142 | Lair:2   | Killed Amaemon
 12281 | Lair:2   | Identified the +9 morningstar of Huduuczarez {drain, rElec
                  | rC- Will++ Dex+9}
 12639 | Lair:2   | Upgraded the game from 0.32-a0-918-g0f22ef8d61 to
                  | 0.32-a0-928-g1cae6b7ea0
 12645 | Lair:3   | Noticed a death yak
 12663 | Lair:2   | Reached skill level 1 in Fire Magic
 12663 | Lair:2   | Reached XP level 13. HP: 49/62 MP: 19/19
 13206 | Lair:3   | Found a staircase to the Shoals.
 13690 | Lair:4   | Reached skill level 14 in Ranged Weapons
 13711 | Lair:4   | Reached ***** piety under Hepliaklqana
 14124 | Lair:4   | Noticed Teoch's ghost (journeyman DECj)
 14126 | Lair:4   | Found a transporter.
 14145 | Lair:4   | Found a transporter.
 14319 | Lair:5   | Entered Level 5 of the Lair of Beasts
 14537 | Lair:5   | Reached skill level 10 in Dodging
 14546 | Lair:5   | Found a transporter.
 14669 | Lair:5   | Noticed Rupert
 14714 | Lair:5   | Noticed a brown very ugly thing
 14714 | Lair:5   | Noticed Rudyous's ghost (journeyman DrAl)
 14715 | Lair:5   | Found a transporter.
 14881 | Lair:5   | Reached skill level 15 in Ranged Weapons
 15028 | Lair:5   | Reached XP level 14. HP: 67/67 MP: 12/21
 15141 | Lair:5   | Got an earthy gem with 629 turns to spare
 15323 | Lair:5   | Killed Rupert
 15419 | Lair:5   | Found a viscous altar of Jiyva.
 15419 | Lair:5   | Found a staircase to the Slime Pits.
 15610 | Orc:1    | Entered Level 1 of the Orcish Mines
 16027 | Orc:2    | Entered Level 2 of the Orcish Mines
 16113 | Orc:2    | Found a staircase to the Elven Halls.
 16137 | Orc:2    | Found Vetop's Armour Shop.
 16398 | Orc:2    | Reached skill level 16 in Ranged Weapons
 16442 | Orc:2    | Found a bloodstained altar of Trog.
 16444 | Orc:2    | Noticed an orc warlord
 16466 | Orc:2    | Killed an orc warlord
 16467 | Orc:2    | Reached skill level 10 in Fighting
 16978 | Orc:2    | Found Angyor's Armour Emporium.
 16978 | Orc:2    | Found Fustirem's Antique Weapon Boutique.
 16980 | Orc:2    | Found Jimaeny's Antique Weapon Boutique.
 16980 | Orc:2    | Found Uplaerecveo's Magic Scroll Emporium.
 16993 | Orc:2    | Bought a scroll of teleportation for 48 gold pieces
 16993 | Orc:2    | Bought a scroll of teleportation for 48 gold pieces
 16993 | Orc:2    | Bought a scroll of revelation for 120 gold pieces
 16993 | Orc:2    | Bought a scroll of fear for 64 gold pieces
 17204 | D:9      | Found a runed translucent door.
 17205 | D:9      | Found a runed translucent door.
 17569 | D:13     | Noticed Jorgrun
 17630 | D:13     | Killed Jorgrun
 17916 | D:13     | Reached skill level 1 in Evocations
 18344 | D:14     | Reached XP level 15. HP: 72/72 MP: 16/22
 18647 | D:14     | Found a gate to the Vaults.
 19052 | D:15     | Entered Level 15 of the Dungeon
 19070 | D:15     | Reached skill level 5 in Evocations
 19228 | D:15     | Found a staircase to the Depths.
 19231 | D:15     | Got a smoky gem with 22 turns to spare
 20199 | Lair:2   | Upgraded the game from 0.32-a0-928-g1cae6b7ea0 to
                  | 0.32-a0-931-g5a2cda0630
 20201 | Snake:1  | Entered Level 1 of the Snake Pit
 20209 | Snake:1  | Reached skill level 10 in Invocations
 20258 | Snake:1  | Found Ychyschegh's Book Boutique.
 20365 | Snake:1  | Bought Great Wizards, Vol. VII for 540 gold pieces
 20996 | Snake:2  | Reached skill level 10 in Evocations
 21679 | Snake:3  | Identified the +5 robe of the Gate {Rampage rPois Int+3
                  | Dex-2}
 21779 | Snake:3  | Found Gizinn's Distillery.
 21787 | Snake:3  | Bought a potion of curing for 45 gold pieces
 21787 | Snake:3  | Bought a potion of cancellation for 120 gold pieces
 21787 | Snake:3  | Bought a potion of haste for 150 gold pieces
 21787 | Snake:3  | Bought a potion of curing for 45 gold pieces
 21787 | Snake:3  | Bought 2 potions of haste for 300 gold pieces
 21787 | Snake:3  | Found Baphom's Magic Scroll Boutique.
 21791 | Snake:3  | Bought a scroll of identify for 32 gold pieces
 21791 | Snake:3  | Bought 2 scrolls of enchant weapon for 240 gold pieces
 21791 | Snake:3  | Bought a scroll of teleportation for 48 gold pieces
 21808 | Snake:3  | Reached XP level 16. HP: 77/77 MP: 25/25
 21828 | Snake:3  | Learned a level 4 spell: Iskenderun's Mystic Blast
 21832 | Snake:3  | Learned a level 3 spell: Tukima's Dance
 21920 | Snake:3  | Reached skill level 1 in Conjurations
 22229 | Snake:3  | Found a glacial archway.
 22538 | Snake:3  | Identified 2 scrolls of acquirement
 22538 | Snake:3  | Acquired a manual of Spellcasting
 22540 | Snake:3  | Acquired the ring of the Scarab {Fire Int+2 Dex+4}
 22561 | Snake:4  | Entered Level 4 of the Snake Pit
 22961 | Snake:4  | Learned a level 4 spell: Passage of Golubria
 23008 | Snake:4  | Reached skill level 5 in Spellcasting
 23019 | Snake:4  | Reached skill level 10 in Translocations
 23597 | Snake:4  | Learned a level 6 spell: Dispersal
 24051 | Snake:4  | Learned a level 3 spell: Fugue of the Fallen
 24058 | Snake:4  | Found an iron altar of Okawaru.
 24071 | Snake:4  | Got a serpentine rune of Zot
 24252 | Shoals:1 | Entered Level 1 of the Shoals
 24303 | Shoals:1 | Reached skill level 1 in Necromancy
 24329 | Shoals:1 | Identified the +0 kite shield "Vutsutu" {rCorr Str-4 Int+6
                  | Dex+3}
 24329 | Shoals:1 | Noticed Donald
 24335 | Shoals:1 | Killed Donald
 24418 | Shoals:1 | Noticed Kirke
 24433 | Shoals:1 | Killed Kirke
 24807 | Shoals:1 | Reached XP level 17. HP: 84/84 MP: 31/31
 25001 | Shoals:2 | Noticed Polyphemus
 25010 | Shoals:2 | Killed Polyphemus
 25056 | Shoals:2 | Reached XP level 18. HP: 89/89 MP: 32/32
 25087 | Shoals:2 | Found Ixiumm's Armour Shoppe.
 25189 | Shoals:2 | Found Juggaez's Book Boutique.
 25342 | Shoals:2 | Found Kuroj's Antique Weapon Emporium.
 25349 | Shoals:2 | Found Decovvoe's Antique Armour Shop.
 25351 | Shoals:2 | Bought a polished arbalest for 256 gold pieces
 25351 | Shoals:2 | Identified the +11 arbalest "Fiolakh" {antimagic, rF++
                  | Dex+4} (You bought it in a shop on level 2 of the Shoals)
 26072 | Shoals:3 | Found a runed translucent gate.
 26072 | Shoals:3 | Found a runed translucent gate.
 26072 | Shoals:3 | Found a runed translucent gate.
 26087 | Shoals:3 | Reached skill level 5 in Necromancy
 26230 | Shoals:4 | Entered Level 4 of the Shoals
 26560 | Shoals:4 | Identified the +2 sling of the Doomed Warrior {flame,
                  | ^Fragile rElec Dex+4 Stlth+}
 26725 | Shoals:4 | Identified the ring of Uqeep {rF+ Slay+3 Stlth+}
 26975 | Shoals:4 | Reached skill level 15 in Dodging
 27095 | Shoals:4 | Got a barnacled rune of Zot
 27439 | Vaults:1 | Entered Level 1 of the Vaults
 28666 | Vaults:2 | Noticed Mara
 28853 | Vaults:2 | Noticed Patrick2011b's illusion
 28947 | Vaults:2 | Killed from afar by an ironbound thunderhulk

Illustrated notes

..........#
#.#.....# ###
.D........#
##...#<..### #..
.......>.##
#..###.....###..
.........# ##..#
#...#..c...
.....# #...#
#...####...
.D....## #.#R#
##### #...
.......# #.#.#
####..# .......#
##.#.# #......
.....# #@.#.#
#..###. ...#
#.##.# ##.# #.
#c## ###.##.#
#.###.
#..###...##.#
#..##.
##.##..####.#
##.### #.##.##
#.# #..## #.##.#
#.# ##... #....#
#.# ###. ##..##
###.######## #.


Turn 7980 on D:10: may be forced to do late dungeon before lair

Levels and vault maps discovered:
D:1:      psy_arrival_radial02, layout_loops_ring
D:2:      layout_basic, serial_undead, serial_undead_b, serial_undead_b,
          serial_undead_e, serial_undead_c, serial_undead_f, serial_undead_e,
          serial_undead_c, ebering_ecumenical_altar_abandoned,
          solitary_fountain, uniq_terence
D:3:      layout_basic, nemelex_spade_bored_becter
D:4:      layout_layer_cave, minmay_temple_entry_arrows, minmay_three_crescents,
          uniq_pikel, uniq_grinder
D:5:      layout_basic
D:6:      layout_cave_pools, grunt_dithmenos_smoke
D:7:      layout_loops_cross, bloody_makhleb, ebering_ghost_rock_garden
D:8:      layout_basic, dpeg_lair_monsters
D:9:      minmay_the_grid_triangle_9x9_rhombus_full
          [minmay_the_grid_triangle_9x9_fully_insulated_deathbox,
          minmay_the_grid_triangle_9x9_descending_squares,
          minmay_the_grid_triangle_9x9_stretched_checkered,
          minmay_the_grid_triangle_9x9_subtriangle,
          minmay_the_grid_triangle_9x9_swiss_cheese,
          minmay_the_grid_triangle_9x9_flanged_cone,
          minmay_the_grid_triangle_9x9_negative_grid,
          minmay_the_grid_triangle_9x9_prize_insulated], layout_loops_ring,
          zombieorc2_lemuel, uniq_maggie, uniq_erolcha
D:10:     layout_rooms, nicolae_ru_sacrificial_ziggurat
D:11:     layout_rooms, serial_shops, nicolae_shop_rolling_square, uniq_maurice,
          uniq_josephine
D:12:     layout_loops_cross, beargit_elvish_explorers, uniq_azrael
D:13:     layout_loops_ring, uniq_jorgrun
D:14:     layout_long_grid, david_vaults_1, minmay_misc_feat_nine_boxes
D:15:     hangedman_depths_entry_civil_slaughter, layout_rooms,
          dk_noncrumbling_2, serial_co_window_serial, co_window_paths_b,
          co_window_cross_1, co_window_paths_a, co_window_paths_a,
          co_window_paths_a, co_window_2corner, co_window_2corner,
          co_window_cross_3, co_window_of_opportunity_c, co_window_corner_b,
          co_window_4corner_a, glass_columns_a, minmay_misc_feat_square
Temple:   mainiacjoe_temple_coin_purse
Lair:1:   layout_small_grid, serial_bayou_pond_d, infiniplex_staircase_pool,
          grunt_megastairs_4
Lair:2:   layout_cave_pods, guppyfry_snake_entry_island, disabler_island,
          uniq_amaemon
Lair:3:   layout_long_grid, minmay_shoals_entry_hut, st_stairs_13
Lair:4:   layout_regular_city, gammafunk_ghost_arena
Lair:5:   grunt_lair_end_beastmaster, layout_gridlike,
          nicolae_slime_entry_slimehenge, gammafunk_ghost_abyssal_escape,
          st_stairs_6, wad_woods_road_01, uniq_rupert
Shoals:1: layout_shoals, uniq_kirke, uniq_donald
Shoals:2: layout_shoals, serial_shops, nicolae_shop_just_a_little_nook,
          nicolae_shop_crystal, nicolae_shop_behind_doors, shop, uniq_polyphemus
Shoals:3: layout_shoals, nicolae_shoals_beach_cooler
Shoals:4: shoals_end_simple, layout_shoals
Snake:1:  layout_concentric_octagons, serial_shops, shop, drop_trap
Snake:2:  layout_onion_interference, serial_bayou_shore_a
Snake:3:  layout_gridlike, portal_ice_cave_entry_pillars_three,
          minmay_shop_star, lemuel_fruit_tree
Snake:4:  grunt_snake_rune_serpentine_throne, layout_gridlike,
          serial_bayou_pond_e
Orc:1:    layout_caves, special_room [special_room_kobold]
Orc:2:    grunt_orc_tribal_feast, layout_diamond_mine, basic_altar,
          serial_shops, shop_statue
Vaults:1: nicolae_vaults_weapon_check, v_misc_23, v_pattern_2,
          nicolae_vaults_closet_pinwheel_5, nicolae_vaults_diagonal_hallway_9,
          layout_vaults_omnigrid
Vaults:2: hangedman_vaults_restitches, v_misc_16,
          nicolae_vaults_shipping_containers_5,
          nicolae_vaults_trapezoid_lopsided_2, minmay_crypt_entry_nasty_monster,
          v_misc_1, nicolae_vaults_surprise_closet,
          vaults_room_grunt_arrival_checkpoint, hangedman_vaults_trim,
          vaults_dpeg_ring, vaults_dpeg_emergency_exit,
          layout_vaults_chaotic_city, serial_shops, shop, uniq_mara,
          uniq_asterion

Skill      XL: |  1  2  3  4  5  6  7  8  9 10 11 12 13 14 15 16 17 18 |
---------------+-------------------------------------------------------+-----
Ranged Weapons | 3 4 5 6 8 9 10 11 13 15 16 | 16.8
Fighting       | 2 4 6 8 9 10 12 14 | 14.3
Hexes          | 5 7 8 11 | 11.4
Translocations | 4 7 9 11 12 14 | 14.0
Invocations    | 1 3 7 8 11 12 | 12.0
Spellcasting   | 3 9 |  9.0
Dodging        | 4 8 10 13 14 15 | 15.9
Fire Magic     | 1 3 |  3.1
Evocations     | 2 11 | 11.0
Conjurations   | 3 |  3.0
Necromancy     | 2 5 |  5.0

Action                     |  1- 3 |  4- 6 |  7- 9 | 10-12 | 13-15 | 16-18 || total
---------------------------+-------+-------+-------+-------+-------+-------++-------
  Melee: Trident           |       |       |     3 |     5 |       |       ||     8
   Fire: Sling             |   102 |   161 |   116 |       |       |       ||   379
         Orcbow            |       |       |   219 |   627 |  1315 |  1142 ||  3303
  Throw: Dart              |       |       |     7 |    20 |     6 |       ||    33
   Cast: Jinxbite          |     8 |    13 |    38 |    28 |    10 |       ||    97
         Inner Flame       |       |       |     2 |    25 |    43 |    19 ||    89
         Dimensional Bulls |       |       |       |     5 |     9 |     3 ||    17
         Cause Fear        |       |       |       |       |     1 |     1 ||     2
         Fugue of the Fall |       |       |       |       |       |    18 ||    18
 Invoke: Ancestor Life: Kn |       |       |     1 |       |       |       ||     1
         Recall Ancestor   |       |       |     3 |     7 |    18 |    11 ||    39
         Transference      |       |       |       |     2 |     5 |     6 ||    13
         Idealise          |       |       |       |       |     6 |     8 ||    14
  Evoke: Wand              |       |       |       |       |       |     1 ||     1
    Use: Scroll            |       |     3 |    15 |    14 |    13 |    10 ||    55
         Potion            |       |       |     2 |     5 |     6 |     1 ||    14
   Stab: Sleeping          |       |       |     1 |       |       |       ||     1
 Armour: Robe              |    11 |     4 |    12 |    20 |     2 |    91 ||   140
         Acid dragon scale |       |       |       |     9 |    57 |       ||    66
  Dodge: Dodged            |    24 |    25 |    32 |   108 |   185 |   248 ||   622
  Block: Buckler           |       |     3 |     1 |       |       |       ||     4

Table legend: (Time is in decaauts)
 A = Elapsed time spent in this place.
 B = Non-inter-level travel time spent in this place.
 C = Inter-level travel time spent in this place.
 D = Time resting spent in this place.
 E = Time spent auto-exploring this place.
 F = Levels seen in this place.
 G = Mean time per level.
                   A        B        C        D        E       F      G
               +--------+--------+--------+--------+--------+-----+--------+
         Total |  20047 |  12153 |   7894 |   2540 |   3470 |  33 |  607.5 |
       Dungeon |   9632 |   5826 |   3806 |   1470 |   1809 |  15 |  642.1 |
        Temple |     20 |      4 |     16 |      0 |      0 |   1 |   20.0 |
          Lair |   3550 |   2136 |   1414 |    192 |    569 |   5 |  710.0 |
        Shoals |   1971 |   1080 |    891 |    155 |    238 |   4 |  492.8 |
     Snake Pit |   2797 |   1864 |    933 |    527 |    499 |   4 |  699.2 |
  Orcish Mines |   1065 |    564 |    501 |     62 |     11 |   2 |  532.5 |
        Vaults |   1011 |    682 |    329 |    132 |    342 |   2 |  505.5 |
               +--------+--------+--------+--------+--------+-----+--------+

Top non-repeatable levels by time:
    D:11: 1146 daAuts
     D:9: 1100 daAuts
  Lair:2: 1020 daAuts
 Snake:4: 931 daAuts
 Snake:3: 869 daAuts
  Lair:5: 819 daAuts
Vaults:1: 798 daAuts
  Lair:3: 737 daAuts
   Orc:2: 727 daAuts
     D:2: 707 daAuts
     D:8: 707 daAuts
     D:4: 646 daAuts
    D:15: 627 daAuts
Shoals:4: 625 daAuts
    D:12: 619 daAuts
